[Event "3rd Perez Open 2024"]
[Site "Santa Fe"]
[Date "2024.02.23"]
[Round "3.1"]
[White "Asprelli, Gaspar"]
[Black "Felgaer, Ruben"]
[Result "0-1"]
[ECO "B33"]
[WhiteElo "2226"]
[BlackElo "2572"]
[Annotator "TA"]
[PlyCount "83"]
[EventDate "2024.02.18"]
[EventType "swiss"]
[EventCountry "ARG"]
[SourceTitle "playchess.com"]
[Source "ChessBase"]
[SourceQuality "1"]
[TimeControl "5400+30"]

1. e4 c5 2. Nf3 Nc6 3. d4 cxd4 4. Nxd4 Nf6 5. Nc3 e5 6. Ndb5 d6 7. Bg5 a6 8. Na3 b5 9. Nd5 Be7 10. Bxf6 Bxf6 11. c4 b4 12. Nc2 a5 13. Qf3 Be6 14. Rd1 Bxd5 15. cxd5 {[%emt 0:01:19] The position is equal.} Na7 {[%emt 0:02:29] Black is weak on the light squares} 16. Bd3 O-O 17. h4 Rb8 18. Ne3 b3 19. a3 a4 20. g3 Nb5 $1 21. Bxb5 {[%emt 0:06:23] [#] Threatens to win with Bc6.} Qa5+ 22. Kf1 Qxb5+ 23. Kg2 Rfc8 24. Rc1 Rc5 25. Rxc5 Qxc5 26. Rd1 ({White should play} 26. Qe2 $1 $14) 26... Bd8 27. Nf5 {[%emt 0:15:35] Rd3 would now be deadly.} Qc7 28. Rd3 {[%emt 0:03:56] [#] Rc3 is the strong threat.} g6 29. Rc3 Qd7 30. Ne3 Rc8 $36 {[%emt 0:01:46][%mdl 2048] Repels Rc6. Hoping for ...Rxc3. Black has good play.} 31. Nc4 Kg7 32. Qd3 Rc5 (32... Qb5 $5) 33. Nd2 {[%emt 0:04:24] And now Rxc5 would win.} Bb6 34. Rxc5 Bxc5 $11 {[%emt 0:00:01][%mdl 4096] Endgame. KQB-KQN} 35. Nf3 (35. Qa6 $11) 35... Qa7 $17 36. Qe2 Qb6 ({Black should try} 36... h5 $17 37. Kf1 Bd4) 37. Nd2 (37. h5 $11 {keeps the balance.}) 37... Bd4 {[%emt 0:00:31] Black is more active.} 38. Nc4 (38. Nf3 $17) 38... Qc5 39. f4 $2 {[%emt 0:00:32] This move loses the game for White.} (39. h5 $17) 39... exf4 $19 40. gxf4 h5 41. Kf3 Bf6 42. Qd2 {[%emt 0:01:05] Weighted Error Value: White=0.34/Black=0.14 (very precise) .  Loses game:     	White=1     	---        Mistake:       	White=5     	Black=1      Inaccurate:     	White=1     	Black=3      OK:         	White=5     	Black=9      Best:        	White=2     	Black=1      Strong:       	---       	Black=1} (42. Ne3 $142) 0-1

[Event "3rd Perez Open 2024"]
[Site "Santa Fe"]
[Date "2024.02.23"]
[Round "3.2"]
[White "Flores, Diego"]
[Black "Mavrich, Demian"]
[Result "1-0"]
[ECO "A30"]
[WhiteElo "2526"]
[BlackElo "2251"]
[Annotator "TA"]
[PlyCount "81"]
[EventDate "2024.02.18"]
[EventType "swiss"]
[EventCountry "ARG"]
[SourceTitle "playchess.com"]
[Source "ChessBase"]
[SourceQuality "1"]
[TimeControl "5400+30"]

1. c4 c5 2. b3 Nc6 3. Bb2 e5 4. d3 Nf6 5. Nf3 d6 6. e3 g6 7. Be2 Bg7 8. Nbd2 {[%emt 0:00:45] The position is equal.} O-O 9. O-O Ne8 10. Rb1 f5 11. a3 a5 12. Qc2 g5 13. Bc3 g4 14. Ne1 h5 15. b4 axb4 16. axb4 b6 17. g3 h4 18. Qd1 (18. Ng2 $15) 18... Qg5 (18... cxb4 $17 19. Bxb4 Nxb4 20. Rxb4 Bh6) 19. bxc5 bxc5 20. Rb6 Bd7 (20... hxg3 $17 {Strongly threatening ...Qd8.} 21. hxg3 Nd8) 21. Ng2 h3 (21... hxg3 $15 22. hxg3 Nf6) 22. Nh4 $11 Nf6 23. Rb7 Be6 24. Qb1 Ne8 (24... Nd7 $15) 25. Re1 (25. Rb6 $11 Bd7 26. Rb7) 25... Bf6 $1 $15 26. Rb6 Bd7 27. f4 (27. Rb7 $15 Rf7 28. e4) 27... Qh5 28. fxe5 Bxh4 29. e6 Bxe6 {[%emt 0:01:25][%cal Oh4g5] Hoping for ...Bg5!} 30. Rxc6 Bd8 (30... Bg5 $15 31. Bd1 Qh6) 31. Qb7 $1 $11 Ra2 {[%emt 0:00:34] [#]} (31... Qg5 $11 {keeps the balance.} 32. Qxa8 Qxe3+ 33. Kh1 Bf6 34. Bxf6 Qxd2) 32. Rxd6 $1 $16 Rf7 $2 {[%emt 0:01:06][%mdl 8192] This move loses the game for Black.} (32... Bf6 $16 33. Bxf6 (33. Rxe6 Bxc3 34. Qb3 Ng7 $17) 33... Rxf6) 33. Qb8 $18 Nxd6 34. Qxd8+ Rf8 35. Qxd6 Qh6 36. Qe5 Re8 37. Nf1 Bd7 38. Qxc5 f4 (38... Qc6 $142 39. Qxc6 Bxc6) 39. gxf4 Bc6 40. Ng3 (40. Bxg4 Rg2+ 41. Kh1 Rxg4+ 42. e4 Qxf4 $15) 40... Qe6 41. Qg5+ {[%emt 0:00:09] Weighted Error Value: White=0.28 (precise) /Black=0.55.  Loses game:     	---       	Black=1      Mistake:       	White=3     	Black=7      Inaccurate:     	White=4     	Black=3      OK:         	White=8     	Black=8      Best:        	White=2     	Black=1      Strong:       	White=2     	Black=1} 1-0

[Event "3rd Perez Open 2024"]
[Site "Santa Fe"]
[Date "2024.02.23"]
[Round "3.3"]
[White "Rodriguez Vila, Andres"]
[Black "Sanhueza, Cristian"]
[Result "1/2-1/2"]
[ECO "A04"]
[WhiteElo "2407"]
[BlackElo "2222"]
[Annotator "TA"]
[PlyCount "89"]
[EventDate "2024.02.18"]
[EventType "swiss"]
[EventCountry "ARG"]
[SourceTitle "playchess.com"]
[Source "ChessBase"]
[SourceQuality "1"]
[TimeControl "5400+30"]

1. e4 c5 2. Nf3 d6 3. g3 g6 4. Bg2 Bg7 5. O-O Nc6 6. c3 e5 7. a3 Nge7 8. b4 O-O 9. d3 a6 10. Be3 cxb4 11. axb4 Bg4 12. h3 {[%emt 0:07:07] White is slightly better.} Be6 13. d4 {[%emt 0:04:40] And now d5 would win.} d5 14. Nxe5 Nxe5 15. dxe5 dxe4 16. Bc5 {[%emt 0:03:02] Hoping for Qxd8.} Re8 17. Nd2 Bxe5 {[%emt 0:04:17] Strongly threatening ...f5.} 18. Nxe4 (18. Bxe4 Qc7 (18... Bxh3 19. Nc4 $15) (18... Bxc3 19. Bxb7 Bxd2 20. Bxa8 $17) 19. Bg2 Rad8 $17 (19... Bxc3 20. Rc1 $15)) 18... Nd5 {[%emt 0:02:20] [#]} 19. c4 Nf6 $1 $11 20. Qxd8 Raxd8 21. Nxf6+ Bxf6 22. Rac1 $36 {[%emt 0:00:19][%mdl 2048] White has the initiative.} Rd7 23. Rfe1 Rc8 24. Rcd1 {[%emt 0:12:49] Rxd7 would now be deadly.} Rcd8 25. Rxd7 Rxd7 26. Bd5 Kg7 ({Stronger than} 26... Bxh3 27. Re8+ Kg7 28. Bf8+ Kh8 29. Bh6#) (26... Be7 $1 $11) 27. Bxe6 $14 fxe6 28. Rxe6 Bd4 29. Bxd4+ Rxd4 $16 {[%emt 0:00:02][%mdl 4096] Endgame. KR-KR} 30. Re7+ Kg8 31. Rxb7 Rxc4 32. Kg2 Rc3 33. h4 Rb3 34. Rb6 Kg7 35. g4 ({But not} 35. Rxa6 Rxb4 36. Ra7+ Kg8 $14) 35... h6 36. Rb7+ ({Much weaker is} 36. Rxa6 Rxb4 37. Kg3 Rb5 $11) 36... Kf6 {[%emt 0:00:13] [#]} (36... Kf8 $142) 37. f4 (37. f3 $1 $16) 37... Ra3 {[%emt 0:00:34] [#]} (37... h5 $14) 38. g5+ (38. Rh7 $1 $16 ) 38... hxg5 $11 {[%emt 0:00:08] The position is equal.} 39. fxg5+ Kf5 40. Rc7 Rb3 41. Rc5+ Kg4 42. Rc4+ Kh5 43. Rd4 Ra3 44. Rf4 a5 45. bxa5 {[%emt 0:00:36] Weighted Error Value: White=0.14 (very precise) /Black=0.12 (very precise) .  Mistake:       	White=3     	Black=3      Inaccurate:     	White=1     	Black=3      OK:         	White=14    	Black=13     Best:        	White=2     	---        Strong:       	---       	Black=1} 1/2-1/2

[Event "3rd Perez Open 2024"]
[Site "Santa Fe"]
[Date "2024.02.23"]
[Round "3.4"]
[White "Borda Rodas, Anapaola S."]
[Black "Villca, Julian"]
[Result "0-1"]
[ECO "B12"]
[WhiteElo "2241"]
[BlackElo "2411"]
[Annotator "TA"]
[PlyCount "58"]
[EventDate "2024.02.18"]
[EventType "swiss"]
[EventCountry "ARG"]
[SourceTitle "playchess.com"]
[Source "ChessBase"]
[SourceQuality "1"]
[TimeControl "5400+30"]

1. e4 c6 2. d4 d5 3. e5 Bf5 4. Nc3 e6 5. g4 Bg6 6. Nge2 c5 7. h4 cxd4 8. Nxd4 h5 9. Bb5+ Nd7 10. f4 hxg4 11. Qxg4 (11. f5 $1 $14 {is the one way to stay ahead.} Rxh4 (11... Bxf5 12. Nxf5 a6 13. Nd6+ Bxd6 14. Bxd7+ Qxd7 15. exd6 $16) 12. Rf1 exf5 13. e6 fxe6 14. Nxe6) 11... Nh6 ({Black should play} 11... Ne7 $17) 12. Qg1 $11 Bf5 (12... Nf5 $2 13. Nxe6 Qa5 14. Bd2 $18) 13. Be3 {[%emt 0:07:33] The position is equal.} a6 14. Be2 Rc8 15. a4 (15. O-O-O $11) 15... Qa5 16. Bd2 Qc7 17. Qg5 (17. O-O-O $17 {was necessary.}) 17... Qb6 18. Nxf5 (18. Qg1 $17) 18... Nxf5 $19 19. O-O-O {[%emt 0:03:02] [#]} (19. Bd3 Be7 (19... Qxb2 20. Rb1 $17) 20. Qg2) 19... Rxc3 20. Bxc3 Qe3+ 21. Rd2 d4 22. Ba5 b6 23. Qg1 $2 {[%emt 0:00:34] [#]} (23. Qg2 bxa5 24. Qb7) 23... Qxg1+ (23... bxa5 24. Qxe3 dxe3 25. Rdd1 $19) (23... Qxf4 24. Bxa6 bxa5 25. Bb5 $19) (23... Rxh4 $142 24. Qg2 Rxh1+ (24... bxa5 $2 25. Rxh4 Nxh4 26. Qa8+ Ke7 27. Qxa6 $19) 25. Qxh1 bxa5 26. Qa8+ Ke7 27. Qxa6 g6 (27... Qxf4 $2 28. Qxa5 Qxe5 29. Qxe5 $19) 28. Qxa5 Bh6 (28... Qxf4 $2 29. Bb5 $19)) 24. Rxg1 bxa5 25. h5 Nc5 26. Bg4 Nxa4 27. Bxf5 exf5 28. Rg5 (28. Rxd4 $2 {perishes.} Bc5 29. Rgd1 Bxd4 30. Rxd4 Nc5 $19) (28. Rgd1 Nc5 (28... Rxh5 29. Rxd4 Nc5 30. Rd8+ Ke7 31. Rc8 $11) 29. Rxd4) 28... Nc5 {[%emt 0:00:28] Strongly threatening ...Ne4.} 29. Rxd4 (29. Rh2 $142) 29... Ne6 {[%emt 0:00:07][%csl LRd4,LRg5] Weighted Error Value: White=0.89/Black=0.40.  Mistake:       	White=7     	Black=3      Inaccurate:     	White=1     	Black=1      OK:         	White=5     	Black=4      Best:        	White=2     	Black=4} 0-1

[Event "3rd Perez Open 2024"]
[Site "Santa Fe"]
[Date "2024.02.23"]
[Round "3.5"]
[White "Spata, German"]
[Black "Carrizo, Luciano Ariel"]
[Result "1-0"]
[ECO "A20"]
[WhiteElo "2399"]
[BlackElo "2170"]
[Annotator "TA"]
[PlyCount "67"]
[EventDate "2024.02.18"]
[EventType "swiss"]
[EventCountry "ARG"]
[SourceTitle "playchess.com"]
[Source "ChessBase"]
[SourceQuality "1"]
[TimeControl "5400+30"]

1. c4 e5 2. g3 c6 3. Nf3 e4 4. Nd4 Bc5 5. Nb3 Be7 6. Bg2 Nf6 7. Nc3 d5 8. cxd5 {[%emt 0:00:18] White is slightly better.} cxd5 9. d3 exd3 10. Qxd3 Be6 11. O-O Nc6 12. Bg5 O-O 13. Rfd1 {[%emt 0:03:35] White is much more active.} h6 14. Bxf6 Bxf6 15. Nxd5 Bxb2 16. Rab1 Bxd5 17. Bxd5 (17. Qxd5 {simplifies} Qxd5 18. Rxd5 Bf6 19. Rb5) 17... Qf6 {[%emt 0:00:05] [#]} (17... Bf6 $142) 18. Nc5 $1 $16 {[%emt 0:20:50][%cal Oc5d7] Hoping for Nd7!} Rfe8 $2 {[%emt 0:12:35] A mistake that costs the game.} (18... Rad8 $16) 19. Ne4 $18 (19. Nxb7 Nb4 20. Qb5 Nxd5 21. Rxd5 (21. Rxb2 $2 {perishes.} Nc3 $19) 21... Ba3 $16) 19... Qe5 20. Qb3 Red8 21. Rxb2 Nd4 {[%emt 0:01:17] [#]} 22. Rxd4 Qxd4 23. Rd2 Qe5 24. Bxf7+ Kh7 25. Qb1 {[%emt 0:05:52] Threatening mate with Nf6+.} Kh8 26. Qxb7 Rab8 {[%emt 0:00:31][%cal Ba8b8,Bb8d8,Bd8f8][%mdl 32] Strongly threatening ...Rxd2.} 27. Rxd8+ ({Less strong is} 27. Qxa7 Qxe4 28. Bb3 Rdc8 $16) 27... Rxd8 28. Bb3 a5 29. Kg2 Qd4 30. Qc6 Qe5 31. Qe6 Qd4 {[%emt 0:00:30] [#]} (31... Qxe6 $18 32. Bxe6 g6) 32. Ng5 $1 {[%emt 0:03:17] White mates.} Rf8 (32... Qf6 33. Qxf6) 33. Nf7+ Kh7 34. Bc2+ {[%emt 0:00:37] Weighted Error Value: White=0.19 (very precise) /Black=0.64.  Loses game:     	---       	Black=1      Mistake:       	---       	Black=1      Inaccurate:     	White=1     	Black=2      OK:         	White=18    	Black=4} 1-0

[Event "3rd Perez Open 2024"]
[Site "Santa Fe"]
[Date "2024.02.23"]
[Round "3.6"]
[White "Amura, Claudia"]
[Black "Perez, Maximiliano"]
[Result "1-0"]
[ECO "A40"]
[WhiteElo "2196"]
[BlackElo "2383"]
[Annotator "TA"]
[PlyCount "75"]
[EventDate "2024.02.18"]
[EventType "swiss"]
[EventCountry "ARG"]
[SourceTitle "playchess.com"]
[Source "ChessBase"]
[SourceQuality "1"]
[TimeControl "5400+30"]

1. d4 e6 2. Nf3 b6 3. Bf4 Nf6 4. h3 Bd6 5. Bxd6 cxd6 6. Nc3 d5 7. e3 O-O 8. Bd3 {[%emt 0:00:18] The position is equal.} Bb7 9. Nd2 Nc6 10. a3 d6 11. g4 e5 12. Nb3 exd4 13. Nxd4 Nxd4 14. exd4 Re8+ 15. Ne2 Ne4 $1 16. O-O {[%emt 0:00:07] [#]} Qh4 $1 {[%emt 0:00:47] Strongly threatening ...f5.} 17. Kg2 $1 Ng5 (17... h5 $1 $15 18. Ng3 g6) 18. Rh1 $11 h5 19. Nf4 ({White should try} 19. f4 $11 Ne4 20. Qe1) 19... Ne6 (19... Re4 $1 $15 20. Bxe4 dxe4) 20. Nxe6 Rxe6 21. Qf3 Rae8 22. Rad1 Bc8 23. Qg3 Qe7 24. g5 {[%emt 0:00:00] White is more active.} ({White should play} 24. gxh5 $14 Rh6 25. Rhe1) 24... g6 25. Rhg1 Kg7 26. Kh2 Qd7 27. Rdf1 Qa4 28. Qf4 Ba6 29. b3 Qa5 (29... Qxa3 $2 30. Ra1 $18) 30. c4 dxc4 (30... Qxa3 $2 {loses.} 31. Ra1 (31. cxd5 Bxd3 32. dxe6 Bf5 $18) 31... Qxb3 32. Rg3 $18 (32. Rxa6 Qxd3 33. Rxa7 Rf8 $15) (32. cxd5 Bxd3 33. dxe6 Rxe6 $14)) 31. bxc4 Qxa3 $2 {[%emt 0:05:15] [#] This move loses the game for Black.} (31... Qa4 $11 {and Black is okay.}) 32. Rg3 $1 $18 Qb2 $2 (32... d5) 33. Rf3 (33. Rb1 $142 Qc3 34. Bxg6 Qxg3+ 35. Kxg3 Rxg6 36. d5) 33... Rf8 34. Rb1 {[%emt 0:00:00][%mdl 1024] White has strong compensation.} Qa2 (34... Qc3 35. Bf5 (35. Bxg6 Qxf3 36. Qxf3 fxg6 $16) 35... Qxc4) 35. d5 Ree8 36. Qf6+ Kh7 37. Ra1 (37. Re1 $142 Rxe1 38. Bxg6+ fxg6 39. Qxf8 Rh1+ 40. Kxh1 (40. Kg2 Rg1+ 41. Kxg1 Qa1+ 42. Kg2 Qg7 43. Rf7 Qxf7 44. Qxf7+ Kh8) 40... Qa1+ 41. Kg2 Qg7 42. Rf7 (42. Qxd6 Bc8 $18)) 37... Qd2 38. Rxa6 {[%emt 0:00:00] Weighted Error Value: White=0.20 (precise) /Black=0.42.  Loses game:     	---       	Black=1      Mistake:       	White=3     	Black=4      Inaccurate:     	White=2     	Black=2      OK:         	White=8     	Black=11     Best:        	White=2     	Black=2      Strong:       	White=2     	Black=2} 1-0

[Event "3rd Perez Open 2024"]
[Site "Santa Fe"]
[Date "2024.02.24"]
[Round "4.1"]
[White "Felgaer, Ruben"]
[Black "Spata, German"]
[Result "0-1"]
[ECO "B15"]
[WhiteElo "2572"]
[BlackElo "2399"]
[Annotator "TA"]
[PlyCount "63"]
[EventDate "2024.02.18"]
[EventType "swiss"]
[EventCountry "ARG"]
[SourceTitle "playchess.com"]
[Source "ChessBase"]
[SourceQuality "1"]
[TimeControl "5400+30"]

1. e4 c6 2. d4 d5 3. Nc3 dxe4 4. Nxe4 Nf6 5. Nxf6+ exf6 6. c3 Bd6 7. Bd3 O-O 8. Ne2 Re8 9. Qc2 h5 10. Be3 Nd7 11. O-O-O {[%emt 0:00:34] White is slightly better.} Nf8 12. Kb1 Be6 13. c4 Rc8 14. Nc3 Bb4 15. Ne4 Be7 16. Nc5 Bxc5 17. dxc5 Qa5 (17... Qe7 $15) 18. Qd2 Qa6 19. b3 Rcd8 20. Qc3 Qa3 21. Bc2 Nd7 (21... Ng6 $11 {remains equal.}) 22. Qd3 $16 f5 23. Qd4 Qa5 (23... f6 $142) 24. Qh4 $1 b6 25. Qg5 (25. Qxh5 Qb4) (25. h3 $18) 25... b5 (25... f6 $16 26. Qxh5 Nxc5) 26. cxb5 $18 (26. Qxh5 bxc4 27. Rd4 Nf6 $19 (27... Nxc5 28. Rh4 $11)) 26... Qxb5 27. Bd4 (27. Qxh5 $6 a5 $16) (27. Bxf5 $2 Bxb3 28. Rd2 (28. Rxd7 Rxd7 29. a3 Bc2+ 30. Ka1 Qb3) (28. axb3 $2 Qxb3+ 29. Kc1 Qc3+ 30. Bc2 Qa3+ 31. Kd2 Qb2 $19) 28... Bxa2+ (28... f6 $2 29. Qf4 $19) 29. Kc1 (29. Kxa2 Rb8) 29... Qc4+ 30. Bc2 Rb8 $19) (27. Rd6 $1 $18) 27... f6 $16 28. Qxh5 Nxc5 {[%emt 0:03:04] [#]} 29. Bxf6 {[%emt 0:03:15] A strong pair of Bishops.} Bf7 $11 {[%emt 0:08:15] Dancing on a razor blade. The position is equal.} 30. Qxf5 (30. Qg5 Ne6 31. Rxd8 (31. Qxf5 $2 {loses.} Qxf5 32. Bxf5 gxf6 $19) (31. Qg3 $2 f4 $17) 31... Nxg5 32. Rxe8+ Bxe8 $19) 30... Rxd1+ 31. Rxd1 {[%emt 0:00:01] Qh7+ would kill now.} gxf6 32. Rd4 {[%emt 0:01:38][%mdl 32768] Wards off Qb4.   Weighted Error Value: White=0.21 (precise) /Black=0.18 (very precise) .  Mistake:       	White=3     	Black=4      Inaccurate:     	White=2     	Black=4      OK:         	White=6     	Black=7      Best:        	White=1     	Black=5      Strong:       	White=1     	---       . Loss on time!?} 0-1

[Event "3rd Perez Open 2024"]
[Site "Santa Fe"]
[Date "2024.02.24"]
[Round "4.2"]
[White "Ibarra, Juan Martin"]
[Black "Flores, Diego"]
[Result "0-1"]
[ECO "B42"]
[WhiteElo "2281"]
[BlackElo "2526"]
[Annotator "TA"]
[PlyCount "64"]
[EventDate "2024.02.18"]
[EventType "swiss"]
[EventCountry "ARG"]
[SourceTitle "playchess.com"]
[Source "ChessBase"]
[SourceQuality "1"]
[TimeControl "5400+30"]

1. e4 c5 2. Nf3 e6 3. d4 cxd4 4. Nxd4 a6 5. c4 Nf6 6. Nc3 d6 7. Bd3 g6 8. O-O Bg7 9. Kh1 O-O 10. f4 Nbd7 11. f5 {[%emt 0:17:18] White is slightly better.} Ne5 12. Be2 Bd7 13. Qe1 (13. Bf4 {simplifies} Rc8 14. Qb3 Nh5 15. Bxh5 gxh5 16. fxe6 fxe6 17. Bxe5 Rxf1+ 18. Rxf1 Bxe5 19. Nf3) 13... Rc8 14. Qh4 {[%emt 0:06:31] Dodges Nfg4} Nxc4 15. Bg5 Nxb2 {[%emt 0:15:01] [#]} (15... h6 $11 {keeps the balance.} 16. Bxh6 Nh7 (16... Nxb2 $2 17. Rab1 $19) (16... Nxe4 17. Qxe4 gxf5 18. Qf4 $16) 17. Qxd8 Rfxd8 18. Bxg7 Kxg7) 16. e5 dxe5 $11 17. Ne4 {[%emt 0:00:28] [#]} Nxe4 18. Bxd8 exf5 19. Be7 (19. Nxf5 $15 Bxf5 20. Be7) 19... exd4 $17 20. Bxf8 Rxf8 21. Bf3 {[%emt 0:12:49] White is weak on the dark squares} Bc6 {[%emt 0:02:32][%mdl 1024] Black has strong compensation. Black is much more active.} 22. Rab1 (22. Rac1 $17) 22... d3 $19 23. Qe7 d2 {[%emt 0:01:12] And now ...Bb5 would win.} 24. Qb4 (24. Bxe4 $142 Bxe4 (24... fxe4 $2 25. Qg5 $19) 25. Rxb2 Bxb2 26. Rd1) 24... Nd3 25. Qb6 Re8 (25... Ndc5 $142 {Threatens to win with ...Re8.} 26. Rbd1 Re8) 26. Rbd1 $2 (26. Bxe4 {only move.} Bxe4 (26... fxe4 $2 27. Qe3 $19) 27. Rbd1) 26... Bh6 {[%emt 0:00:49] This pair of bishops is nice.} 27. Qd4 Ndc5 28. Bxe4 (28. Kg1 $142) 28... Nxe4 {[%emt 0:00:08] Black is clearly winning.} 29. a3 Bb5 30. Rf3 Be2 31. Rxd2 Nxd2 32. Rh3 {[%emt 0:00:39] [#]} Bg4 $1 {[%emt 0:00:45] Weighted Error Value: White=0.69/Black=0.22 (precise) .  Mistake:       	White=6     	Black=2      Inaccurate:     	White=4     	Black=1      OK:         	White=6     	Black=11     Best:        	---       	Black=2} 0-1

[Event "3rd Perez Open 2024"]
[Site "Santa Fe"]
[Date "2024.02.24"]
[Round "4.3"]
[White "Villca, Julian"]
[Black "Amura, Claudia"]
[Result "1-0"]
[ECO "A13"]
[WhiteElo "2411"]
[BlackElo "2196"]
[Annotator "ChessBase"]
[PlyCount "69"]
[EventDate "2024.02.18"]
[EventType "swiss"]
[EventCountry "ARG"]
[SourceTitle "playchess.com"]
[Source "ChessBase"]
[SourceQuality "1"]
[TimeControl "5400+30"]

1. c4 e6 2. Nf3 d5 3. b3 Nf6 4. Bb2 c5 5. cxd5 exd5 6. e3 Nc6 7. Be2 d4 8. Bb5 dxe3 9. dxe3 Qa5+ 10. Nc3 Bd7 11. O-O Be7 12. Bxc6 Bxc6 13. Ne5 Qc7 14. Nxc6 Qxc6 15. e4 O-O 16. Qe2 Rfd8 17. Rad1 Rxd1 18. Rxd1 Rd8 19. Rxd8+ Bxd8 20. e5 Nd7 21. f4 Nf8 22. Qe4 Qd7 23. Qd5 Qe7 24. g3 h5 25. Ne4 b6 26. Kg2 Ne6 27. f5 Nd4 28. f6 Qc7 29. Bxd4 cxd4 30. Qxd4 Qc2+ 31. Kf3 Bc7 32. Qd7 Kh7 33. Ng5+ Kg6 34. Qxf7+ Kxg5 35. h4+ 1-0

[Event "3rd Perez Open 2024"]
[Site "Santa Fe"]
[Date "2024.02.24"]
[Round "4.4"]
[White "Yedlin, Isidoro"]
[Black "Rodriguez Vila, Andres"]
[Result "0-1"]
[ECO "A01"]
[WhiteElo "2226"]
[BlackElo "2407"]
[Annotator "ChessBase"]
[PlyCount "38"]
[EventDate "2024.02.18"]
[EventType "swiss"]
[EventCountry "ARG"]
[SourceTitle "playchess.com"]
[Source "ChessBase"]
[SourceQuality "1"]
[TimeControl "5400+30"]

1. b3 e5 2. Bb2 d6 3. d4 exd4 4. Qxd4 Nc6 5. Qd2 d5 6. e3 Nf6 7. Nc3 Bb4 8. O-O-O O-O 9. Nge2 Qe7 10. Kb1 Be6 11. f3 Rfe8 12. g4 Rad8 13. g5 Nh5 14. Nd4 Qxg5 15. Bb5 Bd7 16. Bxc6 bxc6 17. Rhg1 Qxe3 18. Qg2 Bxc3 19. Rd3 Qxg1+ 0-1

[Event "3rd Perez Open 2024"]
[Site "Santa Fe"]
[Date "2024.02.24"]
[Round "4.5"]
[White "Zapata Charles, Santiago"]
[Black "Acosta, Franco Emanuel"]
[Result "1/2-1/2"]
[ECO "B04"]
[WhiteElo "2300"]
[BlackElo "2098"]
[Annotator "TA"]
[PlyCount "64"]
[EventDate "2024.02.18"]
[EventType "swiss"]
[EventCountry "ARG"]
[SourceTitle "playchess.com"]
[Source "ChessBase"]
[SourceQuality "1"]
[TimeControl "5400+30"]

1. e4 Nf6 2. e5 Nd5 3. d4 d6 4. Nf3 dxe5 5. Nxe5 c6 6. Qf3 Be6 7. Bc4 Nd7 8. O-O g6 9. Nc3 Bg7 10. Re1 O-O 11. a3 Nxe5 12. dxe5 Qc7 13. Nxd5 (13. Qg3 $11) 13... cxd5 $15 14. Bxd5 Bxd5 15. Qxd5 {[%emt 0:00:06] The position is equal.} Rfd8 16. Qe4 {[%emt 0:02:18] [#]} Qxe5 $1 17. Qxe5 Bxe5 18. c3 Rd7 19. Be3 b6 20. a4 Bc7 21. Red1 Rad8 22. Rxd7 Rxd7 $11 {[%emt 0:00:01][%mdl 4096] Endgame. KRB-KRB} 23. Kf1 f5 24. g3 e5 25. Ke2 Kf7 26. a5 bxa5 27. Bxa7 Ke6 28. Be3 Bd8 29. b4 axb4 30. cxb4 Rb7 31. Rb1 Bb6 32. Bd2 Kd5 {[%emt 0:03:07] Weighted Error Value: White=0.07 (flawless) /Black=0.03 (flawless) .  Mistake:       	White=1     	---        Inaccurate:     	---       	Black=1      OK:         	White=10    	Black=9} 1/2-1/2

[Event "3rd Perez Open 2024"]
[Site "Santa Fe"]
[Date "2024.02.24"]
[Round "4.6"]
[White "Hutt, Alejandro Gabriel"]
[Black "Villareal, Agustin"]
[Result "1/2-1/2"]
[ECO "E01"]
[WhiteElo "2039"]
[BlackElo "1674"]
[Annotator "NA RC"]
[PlyCount "98"]
[EventDate "2024.02.18"]
[EventType "swiss"]
[EventCountry "ARG"]
[SourceTitle "playchess.com"]
[Source "ChessBase"]
[SourceQuality "1"]
[TimeControl "5400+30"]

1. c4 e6 2. Nf3 d5 3. d4 Nf6 4. g3 Bb4+ 5. Bd2 Bd6 6. Nc3 O-O 7. Qc2 Nc6 8. c5 Be7 9. Bg2 b6 10. cxb6 Nb4 11. Qc1 cxb6 12. a3 Nc6 13. O-O Bb7 14. Qc2 a6 15. b4 b5 16. Qd3 Nd7 17. Rfc1 Nb6 18. e4 Qd7 19. Ne5 Nxe5 20. dxe5 d4 21. Ne2 Rfd8 22. Rd1 Nc4 23. Bc1 Nxe5 24. Qb3 Nc6 25. Bb2 e5 26. f4 Qg4 27. Bf3 Qe6 28. Qxe6 fxe6 29. Bg4 Rd6 30. Nc1 exf4 31. gxf4 e5 32. f5 Bg5 33. Nd3 Re8 34. a4 Na7 35. Nc5 Bc8 36. Be2 g6 37. fxg6 Rxg6 38. Kh1 Be3 39. Bh5 Bg4 40. Bxg4 Rxg4 41. Bc1 Bxc1 42. Rdxc1 Re7 43. axb5 axb5 44. Rg1 Rxg1+ 45. Kxg1 Nc6 46. Nd3 Rf7 47. Kg2 Kg7 48. Rc1 Nd8 49. Rc5 Nb7 1/2-1/2